 Dungeon Crawl Stone Soup version 0.30-a0-883-g5ad918d77d (webtiles) character file.

Game seed: 10492809960697237027

1829400 Monkooky the Slayer (level 24, 222/222 HPs)
             Began as a Barachi Air Elementalist on Mar 15, 2023.
             Was an Initiate of Gozag.
             Escaped with the Orb
             ... and 3 runes on Mar 16, 2023!
             The game lasted 03:10:17 (52405 turns).

Monkooky the Slayer (Barachi Air Elementalist)     Turns: 52405, Time: 03:10:18

Health: 222/222    AC: 17    Str:  9    XL:     24   Next: 82%
Magic:  31/31      EV: 49    Int: 25    God:    Gozag
Gold:   7019       SH:  0    Dex: 43    Spells: 8/34 levels left

rFire   + . .      SeeInvis +    G - +8 longbow "Zephyr" {speed, Dex+3 SInv}
rCold   . . .      Faith    .    (shield currently unavailable)
rNeg    . . .      Spirit   .    j - +1 robe of Truth {rC- Dex+7}
rPois   .          Reflect  .    u - +2 helmet
rElec   .          Rampage  .    F - scarf {rC+ rF+}
rCorr   .                        H - +2 pair of gloves {infuse}
Will    +....                    x - +1 pair of boots of the Saviour {Int+5 Dex+8 Stlth-}
Stlth   ++                       B - dreamshard necklace {*Dream Drain}
HPRegen 0.57/turn                a - +4 ring of protection
MPRegen 0.22/turn                C - +6 ring of dexterity

@: bribing [the Dungeon, the Realm of Zot], slow
A: amphibious, slowness 1, strong legs 2, +LOS, hooves 1, deformed body,
deterioration 1, weak 1, devolution 1
0: Orb of Zot
}: 3/15 runes: decaying, silver, gossamer
a: Hop, Renounce Religion, Potion Petition, Call Merchant, Bribe Branch


You escaped.
You worshipped Gozag.
Gozag was greatly pleased with you.
You visited 8 branches of the dungeon, and saw 44 of its levels.
You visited 1 bazaar.
You also visited: Sewer and Ice Cave.

You collected 24311 gold pieces.
You spent 4003 gold pieces at shops.
You paid 13289 gold pieces to Gozag.

Inventory:

Hand Weapons
 G - the +8 longbow "Zephyr" (weapon) {speed, Dex+3 SInv}
   (You acquired it on level 7 of the Dungeon)

   Dex:       It affects your dexterity (+3).
   SInv:      It lets you see invisible.
Missiles
 y - 4 throwing nets
Armour
 j - the +1 robe of Truth (worn) {rC- Dex+7}
   (You found it in an ice cave)

   Dex:       It affects your dexterity (+7).
   rC:        It makes you vulnerable to cold.
 u - a +2 helmet (worn)
 x - the +1 pair of boots of the Saviour (worn) {Int+5 Dex+8 Stlth-}
   (You acquired it in a sewer)

   Int:       It affects your intelligence (+5).
   Dex:       It affects your dexterity (+8).
   Stlth:     It makes you less stealthy.
 F - a scarf of resistance (worn)
 H - a +2 pair of gloves of infusion (worn)
Jewellery
 a - a +4 ring of protection (left hand)
 b - the ring "Minyatz" {Wiz Drain Will++ Str+3}
   (You found it on level 3 of the Spider Nest)

   [ring of wizardry]

   It improves your spell success rate.
   Str:       It affects your strength (+3).
   Drain:     It drains your maximum health when unequipped.
   Will:      It greatly increases your willpower.
 c - a +6 ring of intelligence
 e - the amulet "Hecuik" {Spirit Rampage Int-3 Slay+6 Stlth+}
   (You acquired it on level 3 of the Vaults)

   [amulet of guardian spirit]

   It causes incoming damage to be divided between your reserves of health and
   magic.
   Int:       It affects your intelligence (-3).
   Slay:      It affects your accuracy & damage with ranged weapons and melee
   (+6).
   Rampage:   It bestows one free step when moving towards enemies.
   Stlth:     It makes you more stealthy.
 l - a ring of resist corrosion
 m - a +4 ring of protection
 B - the dreamshard necklace (around neck) {*Dream Drain}
   (You found it on level 5 of the Vaults)

   [amulet of nothing]

   *Dream:    It shatters if its wearer takes lethal or near-lethal damage,
   preventing the blow and releasing protective dreams that heal and fight for
   the wearer.
   Drain:     It drains your maximum health when unequipped.
 C - a +6 ring of dexterity (right hand)
 P - the ring of Biwo {rC++ MP+9}
   (You acquired it on level 3 of the Swamp)

   [ring of magical power]

   rC:        It greatly protects you from cold.
   MP:        It affects your magic capacity (+9).
 Q - a ring of protection from fire
Wands
 s - a wand of flame (60)
 R - a wand of digging (7)
 V - a wand of paralysis (10)
 W - a wand of iceblast (17)
 Z - a wand of mindburst (4)
Scrolls
 d - 4 scrolls of noise
 g - 7 scrolls of enchant armour
 h - 10 scrolls of immolation
 k - 4 scrolls of silence
 n - 9 scrolls of poison
 o - 18 scrolls of teleportation
 I - 3 scrolls of summoning
 J - 2 scrolls of fear
 S - 6 scrolls of magic mapping
 T - 6 scrolls of fog
 U - 5 scrolls of blinking
 X - 7 scrolls of vulnerability
Potions
 i - 8 potions of haste
 p - 8 potions of might
 q - 18 potions of curing
 r - 5 potions of invisibility
 t - 9 potions of heal wounds
 v - 4 potions of magic
 w - 10 potions of brilliance
 z - 7 potions of attraction
 A - 9 potions of flight
 D - 6 potions of mutation
 E - 7 potions of resistance
 K - 6 potions of cancellation
 N - 8 potions of ambrosia
Miscellaneous
 f - a tin of tremorstones (2/2)
 L - a phial of floods
 M - a box of beasts
 O - a condenser vane
 Y - a phantom mirror


   Skills:
 - Level 25.7 Fighting
 - Level 18.0 Ranged Weapons
 - Level 16.6 Armour
 - Level 22.2 Dodging
 - Level 6.0 Stealth
 - Level 5.7 Spellcasting
 - Level 7.1 Conjurations
 - Level 8.2 Transmutations
 - Level 5.0 Ice Magic
 - Level 11.3 Air Magic
 + Level 21.6 Evocations


You had 8 spell levels left.
You knew the following spells:

 Your Spells              Type           Power      Damage    Failure   Level
a - Shock                 Conj/Air       100%       1d9       1%          1
b - Static Discharge      Conj/Air       100%       2-7/arc   1%          2
c - Airstrike             Air            29%        2d(5-21)  1%          4
d - Arcjolt               Conj/Air       26%        1d36      4%          5
e - Ozocubu's Armour      Ice            32%        N/A       3%          3
f - Swiftness             Air            59%        N/A       1%          3
g - Wereblood             Tmut           48%        N/A       1%          2
h - Passwall              Tmut/Erth      22%        N/A       2%          2
i - Passage of Golubria   Tloc           7%         N/A       58%         4

Your spell library contained the following spells:

 Spells                   Type           Power      Damage    Failure   Level
 Beastly Appendage        Tmut           96%        N/A       1%          1
 Freeze                   Ice            100%       1d10      1%          1
 Magic Dart               Conj           100%       1d8       1%          1
 Sting                    Tmut/Pois      100%       1d8       1%          1
 Poisonous Vapours        Pois/Air       70%        N/A       1%          2
 Searing Ray              Conj           86%        2d7       1%          2
 Hailstorm                Conj/Ice       37%        3d9       1%          3
 Mephitic Cloud           Conj/Pois/Air  37%        N/A       1%          3
 Cigotuvi's Dreadful Rot  Necr/Pois/Air  52%        N/A       2%          2
 Vhi's Electric Charge    Tloc/Air       70%        N/A       2%          3
 Frozen Ramparts          Ice            64%        1d10      3%          3
 Ensorcelled Hibernation  Hex/Ice        38%        N/A       4%          2
 Spider Form              Tmut/Pois      27%        N/A       4%          3
 Ignite Poison            Fire/Tmut/Pois 20%        N/A       8%          3
 Summon Lightning Spire   Summ/Air       35%        N/A       8%          4
 Petrify                  Tmut/Erth      27%        N/A       14%         4
 Fulminant Prism          Conj/Hex       12%        3d8       17%         4
 Sticky Flame             Conj/Fire      25%        2d5       17%         4
 Summon Guardian Golem    Hex/Summ       7%         N/A       22%         3
 Tukima's Dance           Hex            7%         N/A       22%         3
 Yara's Violent Unravell  Hex/Tmut       13%        3d7       36%         5
 Anguish                  Hex/Necr       3%         N/A       58%         4
 Dispel Undead            Necr           7%         3d8       58%         4
 Olgreb's Toxic Radiance  Pois           7%         N/A       58%         4
 Metabolic Englaciation   Hex/Ice        9%         N/A       58%         5
 Storm Form               Tmut/Air       27%        N/A       75%         7
 Summon Forest            Summ/Tloc      3%         N/A       91%         5
 Eringya's Noxious Bog    Tmut/Pois      13%        N/A       91%         6
 Statue Form              Tmut/Erth      18%        N/A       91%         6
 Orb of Destruction       Conj           21%        9d8       98%         7
 Maxwell's Capacitive Co  Air            29%        ∞         99%         8
 Ozocubu's Refrigeration  Ice            16%        4d11      100%        7
 Spellforged Servitor     Conj/Summ      12%        N/A       100%        7
 Summon Hydra             Summ           3%         N/A       100%        7
 Ignition                 Fire           3%         3d4       100%        8


Dungeon Overview and Level Annotations

Branches:
Dungeon (15/15)            Temple (0/1) D:6            Lair (5/5) D:8
  Swamp (4/4) Lair:3       Spider (4/4) Lair:3        Slime (0/5) Lair:4
    Orc (2/2) D:10            Elf (0/3) Orc:2        Vaults (5/5) D:13
  Crypt (0/3) Vaults:3     Depths (4/4) D:15            Zot (5/5) Depths:4
  Sewer (visited)           IceCv (visited)

Altars:
Ashenzari
Fedhas
Gozag
Ru
Sif Muna
Trog
Uskayaw
Vehumet
Wu Jian
Xom
Zin
Jiyva
Lugonu

Shops:
D:3 :((   D:4 *   D:7 [   D:9 =   D:13 *   D:14 *   Orc:1 [   Orc:2 ?[*:
Vaults:2 !   Depths:4 :=(:[

Portals:
Hell: Depths:1 Depths:2 Depths:3 Depths:4
Abyss: Depths:3 Depths:4
Pandemonium: Depths:2 Depths:3
Ziggurat: Depths:1

Annotations:
D:13 exclusion: downstairs
D:15 2 transporters, Jumeycle's ghost, journeyman GrEE
Lair:4 3 runed translucent doors, exclusion: 2 downstairs, Tewalifo's ghost, journeyman BaHu
Swamp:3 2 transporters, exclusion: downstairs, Isysim's ghost, adept OgFi
Spider:1 exclusion: downstairs
Spider:3 2 transporters, Arachne; Unforgiven's ghost, adept DECj
Vaults:3 1 transporter
Vaults:5 Mennas
Depths:3 2 transporters
Zot:2 Zeaxzic Paph's ghost, veteran OgBe


Innate Abilities, Weirdness & Mutations

You are amphibious.
You cover ground slowly.
You can hop long distances.
You have an extended range of vision and can be seen from far away.
You have large cloven feet.
Armour fits poorly on your strangely shaped body.
Your body sometimes deteriorates upon taking damage.
You are weak. (Str -2)
You have hidden genetic defects.


Message History

(D) Dungeon (T) Temple (L) Lair (S) Swamp (N) Spider Nest (M) Slime Pits (O) Orcish Mines (E) Elven Halls (V) Vaults (C) Crypt (U) Depths (H) Hell (Z) Zot
Where to? (Enter - D:1, ? - help)
The Brimstone Fiend moves out of view.
There is a stone staircase leading up, spattered with blood here.
You climb upwards.
There is a stone staircase leading down here.
You see here a +0 mace.
There is a stone staircase leading up here.
You climb upwards.
There is a stone staircase leading down here.
Things that are here:
a +0 leather armour; a +0 club
There is a stone staircase leading up here.
You climb upwards.
There is a stone staircase leading down here.
You see here a +1 halberd of protection.
There is a stone staircase leading up here.
You climb upwards.
There is a stone staircase leading down here.
There is a stone staircase leading up here.
You climb upwards.
There is a stone staircase leading down here.
Aiming: Dig
Press: ? - help, Shift-Dir - straight line, f - you Please select a direction to dig.
A stone staircase leading down.
This square is covered in magical glow.
The rock shatters into small pieces.
Aiming: Dig
Press: ? - help, Shift-Dir - straight line You can't see that place.
The rock shatters into small pieces.
The Orb Guardian stares, then turns away, jangling a coin purse.
An Orb Guardian comes into view.
The Orb Guardian moves out of view.
There is an open door here.
There is a staircase leading out of the dungeon here.
You have escaped!

#[...##.#..###.#..#
#.#.#......#......#
############.#.#...##.#...##..
#.................#......#....
####.##########..###.#...##.#..#[
.....# ######..###....#..(.....
###### #...........##.#...##.#.
##########.############....#...#.
...........# #@..###.....#...#.
.########..##♣♣##.##♣..###...#.#.
.## #......♣#'#P.......###.#.
#.########............P###.# #.#.
##..........#..♣#.#♣...# #.# #...
#.########..#.♣##.##.♣.# #.# ###.
.## #..####...###.# #.# #. .#
#..##########.# #.# #. .#
#...........#.# #.# #.


There were no monsters in sight!

Vanquished Creatures
  3 orbs of fire (Zot:5)
  An ancient lich (Zot:5)
  2 juggernauts (Depths:3)
  2 Killer Klowns (Zot:5)
  A curse toe (Zot:5)
  Xtahua (Vaults:2)
  4 golden dragons
  A Tzitzimitl (D:15)
  An electric golem (Zot:5)
  Asterion (Depths:2)
  2 liches
  4 tentacled monstrosities
  3 titans (Vaults:5)
  2 quicksilver dragons
  16 Orb Guardians
  4 death cobs
  Gastronok (Orc:1)
  7 sphinxes
  An Executioner (D:15)
  5 storm dragons
  3 shadow dragons
  Agnes (D:14)
  A thorn hunter (Swamp:4)
  4 tengu reavers
  Kirke (D:14)
  A draconian monk (Zot:5)
  A revenant (Vaults:3)
  Donald (Orc:2)
  A nagaraja (Vaults:2)
  An azure jelly (IceCv)
  3 fire giants
  A fenstrider witch (Swamp:1)
  2 draconian knights
  6 frost giants
  7 emperor scorpions
  5 ghost moths
  2 draconian scorchers
  2 iron dragons (Vaults:5)
  14 vault wardens
  5 orc warlords
  A juggernaut zombie (Depths:2)
  19 ironbound preservers
  2 draconian stormcallers (Depths:4)
  A broodmother (Spider:3)
  A cacodemon (Depths:1)
  12 stone giants
  2 reapers
  33 very ugly things
  2 draconian annihilators (Zot:5)
  3 war gargoyles
  3 quicksilver oozes (IceCv)
  16 ironbound thunderhulks
  A deep elf demonologist (Vaults:5)
  7 purple draconians
  A deep elf annihilator (Vaults:5)
  2 vampire knights (Depths:4)
  4 green draconians
  A black draconian (Zot:3)
  2 eleionomae
  6 white draconians
  5 dire elephants
  4 bunyips
  2 yellow draconians
  A red draconian (Zot:5)
  6 spark wasps
  3 green deaths
  9 ettins
  Josephine (Spider:1)
  3 deep elf death magi
  8 entropy weavers
  A blizzard demon (Depths:1)
  A quicksilver dragon zombie (Depths:1)
  2 jiangshi (Depths:2)
  3 crystal guardians
  3 deep elf high priests
  5 great orbs of eyes
  2 rakshasas
  33 vault guards
  8 fire dragons
  A great orb of eyes (shapeshifter) (Vaults:2)
  13 yaktaur captains
  3 peacekeepers
  2 ice dragons (Depths:1)
  2 hell beasts (Depths:1)
  3 spriggan air magi
  6 ironbound frosthearts
  A catoblepas (Lair:5)
  A ghost crab (Lair:3)
  4 ogre magi (Orc:2)
  13 centaur warriors
  15 hydras
  10 alligators
  A death knight (Vaults:3)
  3 radroaches
  10 deep troll shamans
  16 two-headed ogres
  A titan zombie (Depths:1)
  2 vampire magi
  Urug (Lair:4)
  12 boulder beetles
  6 deep troll earth magi
  2 tengu warriors
  An orc high priest (Orc:2)
  5 spriggan berserkers
  Sonja (Orc:1)
  A deep elf knight (D:14)
  3 soul eaters (Depths:1)
  3 spriggans
  Nergalle (Orc:1)
  A skyshark (Lair:5)
  3 sixfirhies
  2 iron trolls
  6 skeletal warriors
  4 pharaoh ants
  3 sun moths
  A cherub (Zot:5)
  A quicksilver dragon simulacrum (Depths:1)
  3 glowing orange brains
  10 swamp dragons
  5 goliath frogs
  62 deep trolls
  2 flayed ghosts (Depths:4)
  3 spriggan druids
  A deep elf archer (D:14)
  14 lindwurms
  11 steelbarb worms
  2 bog bodies
  11 wizards
  9 orb spiders
  9 harpies
  A fire giant zombie (Depths:1)
  A shadow dragon zombie (Depths:1)
  5 necromancers
  9 orc knights
  A spectral hydra (Lair:3)
  An obsidian statue (Depths:1)
  An oklob plant (Lair:1)
  A phantasmal warrior (Vaults:2)
  2 deep elf pyromancers
  33 ironbound convokers
  47 ugly things
  A stone giant zombie (Depths:1)
  A salamander (Swamp:4)
  9 moths of wrath
  5 cyclopes
  2 manticores
  11 wolf spiders
  6 will-o-the-wisps
  2 iron dragon skeletons
  A rust devil (Depths:2)
  8 elephants
  An elf zombie (Vaults:1)
  21 vault sentinels
  5 black mambas
  16 demonic crawlers
  5 torpor snails
  3 ice statues (IceCv)
  Maggie (D:7)
  A gargoyle (D:12)
  2 eyes of devastation
  2 smoke demons (Depths:1)
  9 cane toads
  A rime drake (Lair:3)
  3 unseen horrors
  2 freezing wraiths
  A hellion (Depths:2)
  3 kobold demonologists (D:12)
  4 tengu conjurers
  3 efreet
  32 yaktaurs
  An ice devil (Depths:2)
  A spectral skyshark (Lair:3)
  6 komodo dragons
  6 trolls
  2 tormentors
  A merfolk (shapeshifter) (D:15)
  10 polar bears
  A bloated husk (Swamp:2)
  4 hornets
  6 tyrant leeches
  19 meliai
  21 blink frogs
  An ettin zombie (Depths:1)
  34 tarantellas
  4 dream sheep (Lair:5)
  3 raiju (Lair:5)
  A spectral black mamba (Lair:3)
  A spectral dream sheep (Lair:3)
  10 large abominations
  18 culicivoras
  3 shadows
  16 jumping spiders
  A slime creature (shapeshifter) (Vaults:5)
  An iron dragon simulacrum (Depths:1)
  42 yaks
  8 wraiths
  An ettin skeleton (Vaults:1)
  4 water elementals
  5 wyverns
  7 basilisks
  43 slime creatures
  A ynoxinul (Depths:1)
  A fire elemental (Swamp:4)
  A hog (D:14)
  4 fire bats (Swamp:4)
  3 chaos spawn (Depths:4)
  68 redbacks
  10 steam dragons
  11 vampire mosquitoes
  2 neqoxecs
  Edmund (D:4)
  3 small abominations (Depths:4)
  9 wargs
  A glowing shapeshifter zombie (Depths:2)
  10 swamp worms
  An acid dragon (D:8)
  14 hell hounds (Lair:5)
  4 water moccasins
  A floating eye (Lair:4)
  2 sky beasts
  A spectral blink frog (Lair:3)
  8 swamp drakes
  13 black bears
  5 ice beasts
  Pargi (Sewer)
  15 orc warriors
  2 great orb of eyes simulacra (IceCv)
  24 wolves
  26 ogres
  16 centaurs
  3 slime creature simulacra (IceCv)
  A phantom (D:5)
  7 kobold brigands
  A human zombie (Vaults:1)
  10 bullfrogs
  2 glowing shapeshifter simulacra (IceCv)
  2 gnoll sergeants
  2 scorpions
  10 wights
  13 killer bees
  2 elephant simulacra (Lair:4)
  10 howler monkeys
  An electric eel (Lair:5)
  4 hounds
  2 jellies
  19 orc priests
  A gnoll bouda (D:6)
  3 sleepcaps
  6 iguanas
  25 orc wizards
  3 shapeshifter simulacra (IceCv)
  17 gnolls
  14 adders
  A river rat (D:4)
  3 white imps
  An ufetubus (D:6)
  2 worms (D:4)
  3 dart slugs
  71 orcs
  5 bats
  4 endoplasms
  5 giant cockroaches
  9 goblins
  12 hobgoblins
  A jackal (D:1)
  2 quokkas
  7 ball pythons
  5 frilled lizards
  15 kobolds
  14 rats
1769 creatures vanquished.

Vanquished Creatures (collateral kills)
  A dread lich (Vaults:5)
  2 orbs of fire (Zot:5)
  Bai Suzhen (Swamp:3)
  Zenata (Vaults:1)
  A quicksilver dragon (Vaults:5)
  A Hell Sentinel (Zot:5)
  4 Orb Guardians
  A titan (Vaults:5)
  A tengu reaver (Depths:3)
  A deep elf sorcerer (Vaults:5)
  A balrug (D:12)
  A frost giant (Vaults:5)
  An ironbound preserver (Vaults:5)
  A very ugly thing (Vaults:5)
  A yaktaur captain (Vaults:5)
  A vault guard (Vaults:5)
  2 alligators (Swamp:3)
  A flayed ghost (Vaults:5)
  A sixfirhy (D:15)
  A deep troll (Vaults:5)
  A bog body (Swamp:3)
  An orc knight (Vaults:5)
  2 lindwurms (Vaults:1)
  A steelbarb worm (shapeshifter) (Vaults:5)
  An ugly thing (Vaults:5)
  A swamp worm (Swamp:3)
  An orc warrior (Vaults:5)
  An orc skeleton (Vaults:1)
34 creatures vanquished.

Vanquished Creatures (others)
  An orb of fire (Zot:5)
  An ancient lich (Zot:5)
  2 Killer Klowns (Zot:5)
  An electric golem (Zot:5)
  2 titans (Vaults:5)
  3 Orb Guardians (Zot:5)
  2 quicksilver dragons (Zot:5)
  2 sphinxes (Vaults:5)
  4 tengu reavers (Vaults:5)
  2 vault wardens (Vaults:5)
  2 ironbound preservers (Vaults:5)
  2 stone giants (Vaults:5)
  2 very ugly things (Vaults:5)
  3 ettins (Vaults:5)
  3 yaktaur captains (Vaults:5)
  16 vault guards (Vaults:5)
  2 flayed ghosts (Vaults:5)
  A vault sentinel (Vaults:5)
  2 yaktaurs (Vaults:5)
  A swamp worm (Swamp:2)
  A floating eye (shapeshifter) (Vaults:5)
  3 swamp drakes (Swamp:4)
  4 bushes (Lair:3)
  8 foxfires (Swamp:4)
  16 fungi
  51 plants
  5 toadstools (D:5)
142 creatures vanquished.

Grand Total: 1945 creatures vanquished

Notes
Turn   | Place    | Note
-------+----------+-------------------------------------------
     0 | D:1      | Monkooky the Barachi Air Elementalist began the quest for
                  | the Orb.
     0 | D:1      | Reached XP level 1. HP: 13/13 MP: 3/3
   211 | D:1      | Reached XP level 2. HP: 19/19 MP: 1/5
   270 | D:1      | Learned a level 2 spell: Static Discharge
   582 | D:1      | You fall into a shaft and drop 1 floor!
   652 | D:2      | Reached XP level 3. HP: 20/24 MP: 4/6
  1782 | D:2      | Reached XP level 4. HP: 30/30 MP: 4/7
  2415 | D:3      | Reached XP level 5. HP: 15/35 MP: 0/8
  2420 | D:3      | Learned a level 4 spell: Airstrike
  2547 | D:3      | Reached skill level 5 in Air Magic
  2838 | D:3      | Found Dego Ele's Antique Weapon Boutique.
  3054 | D:3      | Found Juifin's Antique Weapon Boutique.
  3072 | D:3      | Reached XP level 6. HP: 17/41 MP: 3/9
  3187 | D:3      | Found Koiric's Book Emporium.
  4140 | D:4      | Noticed Edmund
  4149 | D:4      | Identified a scroll of acquirement
  4195 | D:4      | Killed Edmund
  4196 | D:4      | Reached XP level 7. HP: 15/46 MP: 5/10
  4235 | D:4      | Found a glowing drain.
  4242 | Sewer    | Entered a sewer
  4259 | Sewer    | Acquired a staff of air
  4452 | Sewer    | Noticed Pargi
  4570 | Sewer    | Killed Pargi
  4676 | Sewer    | Acquired the +1 pair of boots of the Saviour {Int+5 Dex+8
                  | Stlth-}
  4937 | D:4      | Found Voehoa's Gadget Gallery.
  5275 | D:4      | Found an opulent altar of Gozag.
  5287 | D:4      | Became a worshipper of Gozag Ym Sagoz the Greedy
  5361 | D:5      | Entered Level 5 of the Dungeon
  6076 | D:5      | Reached XP level 8. HP: 52/52 MP: 0/13
  6313 | D:5      | Found a blossoming altar of Fedhas.
  6316 | D:5      | Found a sacrificial altar of Ru.
  6316 | D:5      | Found a hide-covered altar of Uskayaw.
  6317 | D:5      | Found a shimmering blue altar of Sif Muna.
  6681 | D:6      | Reached skill level 5 in Spellcasting
  6915 | D:3      | Bought Maxwell's Memoranda for 456 gold pieces
  6921 | D:3      | Learned a level 5 spell: Arcjolt
  7874 | D:6      | Found a staircase to the Ecumenical Temple.
  8033 | D:7      | Reached XP level 9. HP: 57/57 MP: 12/17
  8096 | D:7      | Reached skill level 5 in Conjurations
  8436 | D:7      | Found a radiant altar of Vehumet.
  8465 | D:7      | Noticed a two-headed ogre
  8475 | D:7      | Killed a two-headed ogre
  8476 | D:7      | Reached skill level 10 in Air Magic
  8644 | D:7      | Noticed Maggie
  8656 | D:7      | Killed Maggie
  9101 | D:7      | Reached XP level 10. HP: 63/63 MP: 11/18
  9206 | D:7      | Acquired the +8 longbow "Zephyr" {speed, Dex+3 SInv}
  9206 | D:7      | Found the +8 longbow "Zephyr" {speed, Dex+3 SInv}
  9415 | D:7      | Found Qifon's Antique Armour Shoppe.
  9426 | D:7      | Bought a pair of glowing gloves for 240 gold pieces
  9587 | D:8      | Found a broken altar of Ashenzari.
  9769 | D:8      | Found a staircase to the Lair.
  9893 | D:8      | Reached skill level 5 in Ranged Weapons
 10161 | D:8      | Found a glowing silver altar of Zin.
 11401 | D:4      | Bought a box of beasts for 440 gold pieces
 11718 | D:8      | Reached XP level 11. HP: 54/68 MP: 3/19
 12103 | D:9      | Noticed a tengu warrior
 12126 | D:9      | Killed a tengu warrior
 12347 | D:9      | Reached skill level 10 in Ranged Weapons
 12500 | D:9      | Found Amyrgh's Jewellery Boutique.
 12726 | D:9      | Found an ornate altar of the Wu Jian Council.
 13059 | D:10     | Entered Level 10 of the Dungeon
 13277 | D:10     | Noticed a two-headed ogre
 13286 | D:10     | Noticed a two-headed ogre
 13289 | D:10     | Killed a two-headed ogre
 13531 | D:10     | Killed a two-headed ogre
 13579 | D:10     | Found a staircase to the Orcish Mines.
 14192 | Lair:1   | Entered Level 1 of the Lair of Beasts
 14701 | Lair:1   | Noticed an oklob plant
 14709 | Lair:1   | Killed an oklob plant
 14937 | Lair:1   | Noticed a boulder beetle
 14950 | Lair:1   | Killed a boulder beetle
 14951 | Lair:1   | Reached XP level 12. HP: 66/74 MP: 20/20
 16674 | Lair:3   | Found a hole to the Spider Nest.
 16735 | Lair:3   | Reached skill level 15 in Ranged Weapons
 17007 | Lair:3   | Found a staircase to the Swamp.
 17007 | Lair:3   | Noticed a ghost crab
 17010 | Lair:3   | Killed a ghost crab
 17106 | Lair:3   | Gained mutation: You can hop long distances. [Barachi
                  | growth]
 17106 | Lair:3   | Reached XP level 13. HP: 79/79 MP: 21/21
 17662 | Lair:4   | Found a frozen archway.
 17798 | IceCv    | Entered an ice cave
 18037 | IceCv    | Noticed a quicksilver ooze
 18041 | IceCv    | Killed a quicksilver ooze
 18049 | IceCv    | Learned a level 3 spell: Ozocubu's Armour
 18165 | IceCv    | Reached skill level 1 in Ice Magic
 18209 | IceCv    | Noticed a quicksilver ooze
 18223 | IceCv    | Killed a quicksilver ooze
 18421 | IceCv    | Reached skill level 5 in Ice Magic
 18571 | IceCv    | Found a viscous altar of Jiyva.
 18571 | IceCv    | Noticed an azure jelly
 18574 | IceCv    | Noticed a quicksilver ooze
 18576 | IceCv    | Killed an azure jelly
 18585 | IceCv    | Killed a quicksilver ooze
 18608 | IceCv    | Identified the +0 ice dragon scales "Kats" {Fly rF- rC++
                  | Int+2 Stlth+}
 18610 | IceCv    | Identified the +1 robe of Truth {rC- Dex+7}
 18859 | Lair:4   | Noticed Urug
 18870 | Lair:4   | Killed Urug
 18944 | Lair:4   | Found a viscous altar of Jiyva.
 18955 | Lair:4   | Found a staircase to the Slime Pits.
 18972 | Lair:4   | Found a runed translucent gate.
 18972 | Lair:4   | Found a runed translucent gate.
 18972 | Lair:4   | Found a runed translucent gate.
 18972 | Lair:4   | Noticed Tewalifo's ghost (journeyman BaHu)
 19019 | Lair:4   | Reached skill level 1 in Fighting
 19020 | Lair:4   | Reached skill level 1 in Armour
 19021 | Lair:4   | Reached skill level 2 in Fighting
 19034 | Lair:4   | Reached skill level 3 in Fighting
 19194 | Lair:4   | Reached skill level 5 in Dodging
 19588 | Lair:5   | Entered Level 5 of the Lair of Beasts
 19608 | Lair:5   | Reached skill level 4 in Fighting
 19625 | Lair:5   | Reached XP level 14. HP: 96/96 MP: 9/22
 19648 | Lair:5   | Reached skill level 5 in Fighting
 19836 | Lair:5   | Reached skill level 6 in Fighting
 20045 | Lair:5   | Reached skill level 7 in Fighting
 20248 | Lair:5   | Reached skill level 8 in Fighting
 20627 | Lair:5   | Reached skill level 5 in Evocations
 21902 | D:12     | Learned a level 3 spell: Swiftness
 21966 | D:12     | Reached XP level 15. HP: 112/112 MP: 23/23
 22290 | D:13     | Found Zidghaga's Assorted Antiques.
 22311 | D:13     | Bought a pair of translucent gloves for 399 gold pieces
 22311 | D:13     | Identified the +1 pair of gloves "Forget-Me-Not" {Str+5}
                  | (You bought it in a shop on level 13 of the Dungeon)
 22559 | Orc:1    | Entered Level 1 of the Orcish Mines
 22559 | Orc:1    | Noticed Sonja
 22588 | Orc:1    | Reached skill level 10 in Evocations
 22590 | Orc:1    | Killed Sonja
 22768 | Orc:2    | Entered Level 2 of the Orcish Mines
 22768 | Orc:2    | Found a staircase to the Elven Halls.
 22884 | Orc:2    | Noticed an orc warlord
 22901 | Orc:2    | Killed an orc warlord
 22975 | Orc:2    | Reached skill level 9 in Fighting
 23043 | Orc:2    | Noticed Donald
 23049 | Orc:2    | Killed Donald
 23278 | Orc:2    | Found Tameeno's Antique Armour Emporium.
 23278 | Orc:2    | Found Zopunir's Book Shop.
 23279 | Orc:2    | Found Wiagheocs's Magic Scroll Boutique.
 23279 | Orc:2    | Found Jot Qawy's General Store.
 23288 | Orc:2    | Bought a scroll of identify for 34 gold pieces
 23288 | Orc:2    | Bought a scroll of identify for 34 gold pieces
 23288 | Orc:2    | Bought a scroll of identify for 34 gold pieces
 23292 | Orc:2    | Bought a potion of heal wounds for 65 gold pieces
 23292 | Orc:2    | Bought a scroll of blinking for 97 gold pieces
 23614 | Orc:1    | Noticed Nergalle
 23614 | Orc:1    | Noticed Gastronok
 23622 | Orc:1    | Killed Nergalle
 23630 | Orc:1    | Killed Gastronok
 23631 | Orc:1    | Reached skill level 10 in Fighting
 23669 | Orc:1    | Found Usel's Antique Armour Emporium.
 23885 | Orc:2    | Bought a book of Changes for 234 gold pieces
 23888 | Orc:2    | Learned a level 2 spell: Wereblood
 23891 | Orc:2    | Learned a level 2 spell: Passwall
 24054 | Swamp:1  | Entered Level 1 of the Swamp
 24124 | Swamp:1  | Reached skill level 1 in Transmutations
 24314 | Swamp:1  | Noticed a fenstrider witch
 24319 | Swamp:1  | Killed a fenstrider witch
 24618 | Swamp:2  | Reached skill level 5 in Armour
 24651 | Swamp:2  | Reached XP level 16. HP: 123/123 MP: 20/24
 24802 | Swamp:2  | Identified the +4 scale mail of Doggot {Str+3 Slay+3}
 25052 | Swamp:3  | Noticed Bai Suzhen
 25064 | Swamp:3  | Found a transporter.
 25073 | Swamp:3  | Killed Bai Suzhen
 25077 | Swamp:3  | Reached skill level 11 in Fighting
 25145 | Swamp:3  | Found a bloodstained altar of Trog.
 25146 | Swamp:3  | Identified the ring "Zeoklysin" {EV+5 Str+2 Slay+3}
 25147 | Swamp:3  | Found a transporter.
 25237 | Swamp:3  | Noticed Isysim's ghost (adept OgFi)
 25570 | Swamp:4  | Entered Level 4 of the Swamp
 25965 | Swamp:4  | Noticed a thorn hunter
 25978 | Swamp:4  | Reached skill level 12 in Fighting
 26320 | Swamp:4  | Reached skill level 10 in Armour
 26414 | Swamp:4  | Killed a thorn hunter
 26676 | Swamp:4  | Got a decaying rune of Zot
 27010 | D:13     | Found a gate to the Vaults.
 27131 | D:13     | Reached skill level 10 in Dodging
 27131 | D:13     | Reached XP level 17. HP: 135/135 MP: 25/25
 27719 | D:14     | Noticed Agnes
 27725 | D:14     | Killed Agnes
 27906 | D:14     | Noticed Kirke
 27925 | D:14     | Killed Kirke
 27979 | D:14     | Found Miveidgh's General Store.
 27986 | D:14     | Bought a scroll of immolation for 60 gold pieces
 28408 | D:14     | Reached skill level 13 in Fighting
 28762 | Spider:1 | Entered Level 1 of the Spider Nest
 28764 | Spider:1 | Noticed Josephine
 28777 | Spider:1 | Killed Josephine
 29121 | D:15     | Entered Level 15 of the Dungeon
 29922 | D:15     | Found a transporter.
 29923 | D:15     | Found a transporter.
 29923 | D:15     | Noticed Jumeycle's ghost (journeyman GrEE)
 29924 | D:15     | Identified the +12 great mace "Veraam" {drain, Dex+3 SInv}
 30160 | Spider:1 | Reached skill level 14 in Fighting
 30322 | Spider:1 | Identified the +2 robe of the Ant {rF+}
 31011 | D:15     | Found a staircase to the Depths.
 31500 | Spider:1 | Acquired the ring of Biwo {rC++ MP+9}
 31554 | Spider:2 | Reached XP level 18. HP: 129/147 MP: 26/26
 32320 | Spider:3 | Reached skill level 15 in Fighting
 33297 | Spider:3 | Noticed Arachne
 33418 | Spider:3 | Found a transporter.
 33418 | Spider:3 | Noticed Unforgiven's ghost (adept DECj)
 33439 | Spider:3 | Identified the ring "Minyatz" {Wiz Drain Will++ Str+3}
 33451 | Spider:3 | Found a transporter.
 33690 | Spider:4 | Entered Level 4 of the Spider Nest
 33699 | Spider:4 | Reached skill level 5 in Stealth
 33823 | Spider:4 | Reached skill level 15 in Dodging
 34137 | Spider:4 | Found the +8 orange crystal plate armour {Archmagi, Int+3
                  | Clar}
 34435 | Spider:4 | Identified the +2 chain mail "Maxoq" {Dex+2}
 34502 | Spider:4 | Reached skill level 5 in Transmutations
 34790 | Spider:4 | Got a gossamer rune of Zot
 35207 | D:9      | Bought a ring of protection from fire for 250 gold pieces
 35418 | Vaults:1 | Entered Level 1 of the Vaults
 35464 | Vaults:1 | Reached XP level 19. HP: 157/157 MP: 27/27
 35754 | Vaults:1 | Noticed Zenata
 35762 | Vaults:1 | Reached skill level 16 in Fighting
 35766 | Vaults:1 | Killed Zenata
 35923 | Vaults:1 | Reached skill level 15 in Evocations
 36728 | Vaults:2 | Reached skill level 17 in Fighting
 36902 | Vaults:2 | Noticed Xtahua
 36915 | Vaults:2 | Killed Xtahua
 37362 | Vaults:2 | Found Okkefann's Distillery.
 37372 | Vaults:2 | Bought a potion of resistance for 170 gold pieces
 37372 | Vaults:2 | Bought a potion of haste for 170 gold pieces
 37585 | Vaults:2 | Reached XP level 20. HP: 169/169 MP: 26/28
 37721 | Vaults:2 | Reached skill level 18 in Fighting
 37990 | Vaults:2 | Found the +9 staff of Wucad Mu {*channel}
 38737 | Vaults:3 | Found a staircase to the Crypt.
 39273 | Vaults:3 | Reached skill level 19 in Fighting
 39603 | Vaults:3 | Reached XP level 21. HP: 180/180 MP: 29/29
 39696 | Vaults:3 | Acquired the amulet "Hecuik" {Spirit Rampage Int-3 Slay+6
                  | Stlth+}
 39941 | Vaults:3 | Found a transporter.
 39942 | Vaults:3 | Found a shimmering blue altar of Sif Muna.
 40833 | Vaults:4 | Identified the +5 scale mail of Submission {Int+3 Dex-3
                  | SInv}
 40892 | Vaults:4 | Found a flickering gateway to a bazaar.
 40939 | Bazaar   | Entered a bazaar
 40939 | Bazaar   | Found Pohiahyx's Armour Boutique.
 40939 | Bazaar   | Found Lucutzak's Book Shop.
 40939 | Bazaar   | Found Qyloz's Armour Boutique.
 40939 | Bazaar   | Found Vicokl Cuhuff's Weapon Shop.
 40939 | Bazaar   | Found Ulyfodix's Magic Scroll Boutique.
 40957 | Bazaar   | Bought a manual of Fighting for 960 gold pieces
 40965 | Bazaar   | Bought Great Wizards, Vol. VII for 360 gold pieces
 41174 | Vaults:4 | Reached skill level 20 in Fighting
 41758 | Vaults:4 | Reached skill level 21 in Fighting
 41763 | Vaults:4 | Learned a level 4 spell: Passage of Golubria
 41795 | Vaults:4 | Paralysed by a great orb of eyes for 5 turns
 42047 | Vaults:4 | Reached skill level 22 in Fighting
 42244 | Vaults:5 | Entered Level 5 of the Vaults
 42244 | Vaults:5 | Found the dreamshard necklace {*Dream Drain}
 42311 | Vaults:5 | Noticed Mennas
 42327 | Vaults:5 | Reached skill level 23 in Fighting
 42546 | Vaults:5 | Identified the amulet of Incredulity {Spirit Str+3}
 42549 | Vaults:5 | Identified the +1 leather armour of Reirotio {rPois rF+}
 42615 | Vaults:5 | Reached XP level 22. HP: 179/201 MP: 28/30
 42645 | Vaults:5 | Noticed a dread lich
 42656 | Vaults:5 | Reached skill level 24 in Fighting
 42681 | Vaults:5 | Noticed a golden dragon
 42684 | Vaults:5 | Killed a golden dragon
 42684 | Vaults:5 | Killed a dread lich
 42848 | Vaults:5 | Reached skill level 25 in Fighting
 43435 | Vaults:5 | Identified the +0 ring mail of Dogmatism {Rampage rN+ SInv}
 43464 | Vaults:5 | Got a silver rune of Zot
 43482 | Vaults:5 | Identified the +7 falchion of Prescription {flame, Drain
                  | Fly rF++ rN+}
 43673 | Vaults:5 | Got Veyth's Encyclopedia of Remoulded Despair
 43676 | Vaults:5 | Identified the +4 arbalest of Wimiw {elec, rElec rF- rN+
                  | rCorr}
 44039 | Depths:1 | Entered Level 1 of the Depths
 44715 | Depths:1 | Found a gateway to Hell.
 44984 | Depths:1 | Found a one-way gateway to a ziggurat.
 45468 | Depths:2 | Reached XP level 23. HP: 215/215 MP: 31/31
 45860 | Depths:2 | Noticed Asterion
 45871 | Depths:2 | Killed Asterion
 46088 | Depths:2 | You fall into a shaft and drop 1 floor!
 46088 | Depths:3 | Noticed a juggernaut
 46122 | Depths:3 | Killed a juggernaut
 46393 | Depths:2 | Found a one-way gate leading to the halls of Pandemonium.
 46623 | Depths:3 | Found a one-way gate to the infinite horrors of the Abyss.
 46949 | Depths:3 | Found a transporter.
 46953 | Depths:3 | Found a corrupted altar of Lugonu.
 46953 | Depths:3 | Found a transporter.
 47074 | Depths:3 | Noticed a juggernaut
 47084 | Depths:3 | Killed a juggernaut
 47177 | Depths:4 | Entered Level 4 of the Depths
 47177 | Depths:4 | Found a shimmering altar of Xom.
 47191 | Depths:4 | Found Qikhluem's Jewellery Shoppe.
 47192 | Depths:4 | Found Dytixkiq's Weapon Emporium.
 47197 | Depths:4 | Found Husys's Book Emporium.
 47198 | Depths:4 | Found Esaipe's Book Shoppe.
 47865 | Depths:4 | Reached skill level 15 in Armour
 48990 | Depths:4 | Found Heblawk's Antique Armour Shoppe.
 49001 | Depths:4 | Identified the +10 sling of Heixar {heavy, Will+}
 49185 | Depths:4 | Found a gate to the Realm of Zot.
 49586 | Zot:1    | Entered Level 1 of the Realm of Zot
 50134 | Zot:2    | Noticed an orb of fire
 50142 | Zot:2    | Noticed a Killer Klown
 50143 | Zot:2    | Noticed a golden dragon
 50234 | Zot:3    | Noticed a golden dragon
 50242 | Zot:3    | Killed a golden dragon
 50391 | Zot:5    | Entered Level 5 of the Realm of Zot
 50452 | Zot:5    | Reached XP level 24. HP: 208/222 MP: 29/31
 50611 | Zot:5    | Noticed a curse toe
 50620 | Zot:5    | Killed a curse toe
 51077 | Zot:5    | Noticed a Killer Klown
 51089 | Zot:5    | Killed a Killer Klown
 51300 | Zot:5    | Noticed an orb of fire
 51300 | Zot:5    | Noticed a Killer Klown
 51300 | Zot:5    | Noticed an orb of fire
 51312 | Zot:5    | Noticed an orb of fire
 51315 | Zot:5    | Noticed an orb of fire
 51323 | Zot:5    | Noticed an orb of fire
 51323 | Zot:5    | Gained mutation: Armour fits poorly on your strangely
                  | shaped body. [an orb of fire]
 51324 | Zot:5    | Noticed an ancient lich
 51329 | Zot:5    | Gained mutation: You are weak. (Str -2) [an orb of fire]
 51330 | Zot:5    | Killed an orb of fire
 51347 | Zot:5    | Killed an orb of fire
 51347 | Zot:5    | Gained mutation: You have hidden genetic defects. [an orb
                  | of fire]
 51358 | Zot:5    | Gained mutation: You have large cloven feet. [an orb of
                  | fire]
 51359 | Zot:5    | Noticed an orb of fire
 51372 | Zot:5    | Killed an orb of fire
 51374 | Zot:5    | Killed an ancient lich
 51374 | Zot:5    | Killed an orb of fire
 51375 | Zot:5    | Killed a Killer Klown
 51384 | Zot:5    | Killed an orb of fire
 51401 | Zot:5    | Killed an orb of fire
 51401 | Zot:5    | Noticed a Killer Klown
 51408 | Zot:5    | Noticed an ancient lich
 51442 | Zot:5    | Killed a Killer Klown
 51480 | Zot:5    | Killed an ancient lich
 51565 | Zot:5    | Noticed a Killer Klown
 51572 | Zot:5    | Killed a Killer Klown
 51598 | Zot:5    | Gained mutation: Your body sometimes deteriorates upon
                  | taking damage. [hidden defects]
 51749 | Zot:5    | Got the Orb of Zot
 51848 | Zot:4    | Identified the +3 great sword "Killer Bee's Doom" {freeze,
                  | rF+}
 51914 | Zot:2    | Noticed Zeaxzic Paph's ghost (veteran OgBe)
 52405 | D:$      | Escaped with the Orb!

Illustrated notes

Levels and vault maps discovered:
D:1:      sevenhm_arrival_forest_fort_small_4, layout_loops_ring, st_stairs_1,
          hangedman_decor_points
D:2:      layout_loops_ring
D:3:      minmay_wonky_spiral, layout_rooms, serial_shops, nicolae_shop_stone,
          nicolae_shop_crystal, nicolae_shop_waterfront, serial_aquarium,
          aquarium_bridge_island_small [aquarium_subvault_small_water,
          aquarium_subvault_bridge, aquarium_subvault_window,
          aquarium_subvault_wall, aquarium_subvault_balcony], aquarium_window_1,
          aquarium_window_1, aquarium_window_fake, aquarium_view_2e,
          aquarium_balcony_double_3, aquarium_pool_2
D:4:      layout_rooms, lemuel_coloured_pillars_altar,
          lightli_sewer_entry_pipes, kennysheep_flooded_box,
          minmay_misc_feat_hallway, nicolae_shop_gadgets, uniq_edmund
D:5:      layout_cave_pools, minitemple, minmay_gold_behind_fungi
D:6:      layout_rooms, minmay_temple_entry_butterflies,
          hangedman_abyss_or_decor_jellyfish_corner
D:7:      layout_gridville, mainiacjoe_overflow_24_doors, serial_shops,
          nicolae_diamond_shop, uniq_maggie
D:8:      nzn_winding_woodlands_medium [nzn_winding_woodlands_5x5_open_star,
          nzn_winding_woodlands_5x15_parted, nzn_winding_woodlands_hourglass,
          nzn_winding_woodlands_5x5_cross,
          nzn_winding_woodlands_center_diamonds,
          nzn_winding_woodlands_5x5_perimeter,
          nzn_winding_woodlands_5x5_closed_star,
          nzn_winding_woodlands_5x15_concentric,
          nzn_winding_woodlands_5x5_three], layout_basic,
          mainiacjoe_overflow_boulevard, ashenzari_altar_1, glass_columns_b,
          kennysheep_generic_room_16
D:9:      layout_roguey, nzn_wu_jian_council_hall, serial_shops,
          nicolae_shop_stone, minmay_crystal_water
D:10:     layout_grid_maze, erik_orc_4
D:11:     layout_roguey
D:12:     layout_cave_pools, statue_in_the_mist_lemuel
D:13:     layout_stronghold, erik_vaults_2, serial_shops,
          nicolae_shop_overgrown_old_shop
D:14:     layout_cave_pools, nicolae_titane, serial_rivers,
          chequers_serial_rivers_marsh, chequers_serial_rivers_small_a,
          chequers_serial_rivers_large_b, chequers_serial_rivers_marsh,
          chequers_serial_rivers_micro_a, serial_shops, shop,
          minmay_stone_trees_medium, beargit_elvish_explorers, uniq_kirke,
          uniq_agnes
D:15:     gammafunk_enter_depths_forms, layout_stronghold,
          gammafunk_ghost_smash, grunt_decor_cap
Lair:1:   layout_layer_cave, infiniplex_staircase_pool
Lair:2:   layout_cave_pods
Lair:3:   layout_cave_pods, nicolae_swamp_entry_spooky,
          nicolae_spider_entry_tight_spaces, nicolae_lair_grazing_beasts
          [nicolae_sub_lair_graze_edge, nicolae_sub_lair_graze_edge,
          nicolae_sub_lair_graze_edge, nicolae_sub_lair_graze_edge]
Lair:4:   layout_concentric_octagons, minmay_slime_entry_eyes,
          gammafunk_ghost_necromancy, portal_ice_cave_entry_ice_simulacra,
          uniq_urug
Lair:5:   hangedman_lair_caniforms_friends, layout_hall_layers,
          chequers_serial_rivers_small_a, serial_bayou_shore_a,
          lemuel_fruit_tree
Swamp:1:  layout_basic_swamp, evilmike_swamp_ruin_house_4,
          infiniplex_staircase_pool_2
Swamp:2:  layout_basic_swamp, evilmike_swamp_ruin_house_5
Swamp:3:  layout_basic_swamp, gammafunk_ghost_wrathful_warriors,
          evilmike_swamp_ruin_house_1, swamp_pool1, uniq_bai_suzhen
Swamp:4:  swamp_fiery, layout_basic_swamp
Spider:1: layout_spider_delve, uniq_josephine
Spider:2: layout_spider_delve
Spider:3: mumra_spider_spiderweb, gammafunk_ghost_mausoleum, uniq_arachne
Spider:4: hellmonk_spider_rune_bug_friends, nicolae_crawler_farm
Orc:1:    layout_caves, serial_shops, shop, uniq_nergalle, uniq_gastronok,
          uniq_sonja
Orc:2:    st_orc_ogre_mass, layout_caves, uniq_donald
Vaults:1: vaults_dpeg_cross, v_alt_pattern_5, nicolae_vaults_alarming, v_misc_3,
          ontoclasm_vaults_claustrophobia, nicolae_vaults_triangles,
          vaults_room_stairs_pillars, v_misc_33, hangedman_vaults_river_flow,
          layout_vaults_maze_bifur, uniq_zenata
Vaults:2: st_greater_box_3, vaults_standard_mumra_lines, grunt_vaults_focal,
          v_misc_9, vaults_dpeg_diagonal, vaults_dpeg_encased_lava,
          nicolae_vaults_little_squares_6, layout_vaults_big_room, serial_shops,
          shop, uniq_xtahua
Vaults:3: v_misc_31, gammafunk_sealed_library,
          minmay_crypt_entry_simple_corners, v_misc_10,
          ontoclasm_vaults_ring_square, vaults_room_door_hall,
          nicolae_vaults_little_squares_1, ontoclasm_vaults_ring_small,
          vaults_room_grunt_arrival_ludios, grunt_vaults_funnel,
          dpeg_vaults_monster_box, vaults_dpeg_emergency_exit,
          layout_vaults_omnicross
Vaults:4: v_misc_25, hangedman_vaults_snaps, nicolae_vaults_ring_of_whatevers,
          nicolae_vaults_asterisk, vaults_mumra_minichess_inversion,
          grunt_vaults_twisty, v_rooms_6, grunt_vaults_swirl,
          ontoclasm_vaults_idyll, v_rooms_5, nicolae_vaults_circle_grid_a,
          nicolae_vaults_little_squares_1, vaults_dpeg_ring, layout_vaults_ring,
          serial_shops, bzr_entry_dummy
Vaults:5: uniq_mennas
Depths:1: layout_roguey, enter_ziggurat_f, roderic_serpentine_path,
          grunt_hell_entry_demonic_statue, wad_rectangle_vault,
          infiniplex_staircase_pool_lava
Depths:2: nicolae_cairo_tiling_large, layout_cave_pools, rand_demon_pan_entry_4,
          hellmonk_bongcloud_opening, hell_entry, infiniplex_staircase_trident,
          uniq_asterion
Depths:3: gammafunk_corrupted_shrine, layout_cave_pools,
          pf_hell_entry_tar_spiral, pan_entry, dk_noncrumbling_3,
          abyss_entry_glasseish
Depths:4: grunt_zot_entry_alcove, layout_gridlike, xom_teletrap_fun,
          hangedman_geh_valley, serial_shops, nicolae_shop_advertising_works
          [nicolae_subvault_shop_adworks], minmay_room_of_horrors,
          minmay_shoptagon, serial_bayou_shore_b
Zot:1:    layout_concentric_octagons, uniq_grunn
Zot:2:    layout_misc_corridors, gammafunk_ghost_arena, uniq_josephina
Zot:3:    layout_basic, grunt_megastairs_2
Zot:4:    layout_twisted_circle, zot_minivault_1, grunt_megastairs_4
Zot:5:    layout_twisted_circle, grunt_ministairs_10, st_stairs_14

Skill      XL: |  1  2  3  4  5  6  7  8  9 10 11 12 13 14 15 16 17 18 19 20 21 22 23 24 |
---------------+-------------------------------------------------------------------------+-----
Conjurations   | 2 3 4 7 |  7.1
Air Magic      | 4 6 7 8 11 | 11.3
Evocations     | 2 8 12 13 14 16 17 18 21 | 21.6
Dodging        | 4 5 7 9 10 14 15 17 18 19 20 22 | 22.2
Spellcasting   | 3 5 |  5.7
Ranged Weapons | 8 13 16 18 | 18.0
Ice Magic      | 5 |  5.0
Fighting       | 4 8 10 12 14 15 17 19 23 25 | 25.7
Armour         | 2 4 5 10 12 16 | 16.6
Transmutations | 4 6 8 |  8.2
Stealth        | 6 |  6.0

Action                     |  1- 3 |  4- 6 |  7- 9 | 10-12 | 13-15 | 16-18 | 19-21 | 22-24 || total
---------------------------+-------+-------+-------+-------+-------+-------+-------+-------++-------
  Melee: Unarmed           |    10 |       |       |       |       |       |       |       ||    10
         Staff             |       |       |    14 |    23 |       |       |       |       ||    37
         Punch             |       |       |     1 |     1 |       |       |       |       ||     2
         Longbow           |       |       |       |       |       |       |       |     1 ||     1
   Fire: Sling             |    26 |    69 |     1 |       |       |       |       |       ||    96
         Longbow           |       |       |       |   416 |  1116 |  1413 |  1442 |  1468 ||  5855
         Shortbow          |       |       |       |     1 |       |       |       |       ||     1
  Throw: Dart              |       |     2 |       |       |       |       |       |       ||     2
   Cast: Shock             |    58 |    66 |   177 |    38 |     2 |       |       |       ||   341
         Static Discharge  |     5 |    14 |    19 |    18 |     1 |       |     2 |       ||    59
         Airstrike         |       |     6 |    29 |    46 |    18 |    26 |     1 |    16 ||   142
         Arcjolt           |       |       |     3 |    13 |     8 |     5 |    15 |       ||    44
         Ozocubu's Armour  |       |       |       |       |     2 |     1 |     5 |     5 ||    13
         Wereblood         |       |       |       |       |     2 |    28 |    23 |    14 ||    67
         Swiftness         |       |       |       |       |       |     4 |       |     1 ||     5
 Invoke: Potion Petition   |       |       |       |       |       |     1 |       |     2 ||     3
         Bribe Branch      |       |       |       |       |       |       |     1 |     3 ||     4
Ability: Hop               |       |     4 |     3 |     7 |     6 |    15 |    14 |    13 ||    62
  Evoke: Wand              |       |       |     2 |       |       |     2 |     1 |    27 ||    32
         Condenser vane    |       |       |       |       |     1 |     3 |     1 |     2 ||     7
         Tin of tremorston |       |       |       |       |       |     7 |     2 |       ||     9
         Box of beasts     |       |       |       |       |       |     1 |     2 |     2 ||     5
         Phantom mirror    |       |       |       |       |       |     1 |     1 |     1 ||     3
         Phial of floods   |       |       |       |       |       |       |     1 |       ||     1
    Use: Scroll            |       |     4 |     3 |     9 |    13 |     8 |     1 |    11 ||    49
         Potion            |       |     1 |       |     4 |       |     2 |     1 |     6 ||    14
   Stab: Sleeping          |       |       |       |     1 |       |       |       |       ||     1
 Armour: Robe              |    11 |    15 |    23 |    31 |     9 |    30 |    12 |    15 ||   146
  Dodge: Dodged            |    31 |    54 |    34 |    79 |    64 |   244 |   234 |   280 ||  1020

Table legend: (Time is in decaauts)
 A = Elapsed time spent in this place.
 B = Non-inter-level travel time spent in this place.
 C = Inter-level travel time spent in this place.
 D = Time resting spent in this place.
 E = Time spent auto-exploring this place.
 F = Levels seen in this place.
 G = Mean time per level.
                   A        B        C        D        E       F      G
               +--------+--------+--------+--------+--------+-----+--------+
         Total |  55601 |  49136 |   6465 |   3688 |  36426 |  47 | 1183.0 |
       Dungeon |  22353 |  18815 |   3538 |   1234 |  15045 |  15 | 1490.2 |
          Lair |   7221 |   6075 |   1146 |    272 |   4970 |   5 | 1444.2 |
         Swamp |   2852 |   2554 |    298 |    158 |   1854 |   4 |  713.0 |
   Spider Nest |   4291 |   4017 |    274 |    207 |   3097 |   4 | 1072.8 |
  Orcish Mines |   1262 |   1078 |    184 |      0 |    842 |   2 |  631.0 |
        Vaults |   8537 |   8152 |    385 |    194 |   5958 |   5 | 1707.4 |
        Depths |   5273 |   4749 |    524 |    344 |   3648 |   4 | 1318.2 |
           Zot |   2285 |   2173 |    112 |    748 |    550 |   5 |  457.0 |
        Bazaar |     47 |     47 |      0 |      0 |     14 |   1 |   47.0 |
         Sewer |    545 |    545 |      0 |    170 |    240 |   1 |  545.0 |
      Ice Cave |    929 |    929 |      0 |    360 |    202 |   1 |  929.0 |
               +--------+--------+--------+--------+--------+-----+--------+

Top non-repeatable levels by time:
     D:8: 3005 daAuts
Vaults:2: 2170 daAuts
Vaults:4: 1926 daAuts
Depths:4: 1893 daAuts
  Lair:3: 1824 daAuts
Spider:3: 1788 daAuts
     D:7: 1787 daAuts
     D:3: 1723 daAuts
  Lair:1: 1695 daAuts
    D:15: 1690 daAuts
Vaults:5: 1636 daAuts
Vaults:3: 1586 daAuts
    D:13: 1536 daAuts
     D:6: 1518 daAuts
     D:5: 1412 daAuts
